 Dungeon Crawl Stone Soup version 0.31-a0-233-g139696dc86 (webtiles) character file.

Game seed: 6116532126152203599

77 cowhearter the Cudgeller (level 4, -8/24 (35) HPs)
             Began as a Demonspawn Chaos Knight on July 8, 2023.
             Was a Plaything of Xom.
             Mangled by Sigmund
             ... wielding a +3 scythe of freezing
              (9 damage)
             ... on level 3 of the Dungeon.
             The game lasted 00:08:21 (2335 turns).

cowhearter the Cudgeller (Demonspawn Chaos Knight)  Turns: 2335, Time: 00:08:22

HP:   -8/24 (35)    AC:  5    Str: 14      XL:     4   Next: 14%
MP:   4/4           EV: 11    Int: 14 (15) God:    Xom [....*.]
Gold: 27            SH:  0    Dex: 13      Spells: 3/3 levels left

rFire   . . .        a - +0 mace (chaos)
rCold   . . .        (no shield)
rNeg    . . .        b - +2 leather armour
rPois   .            (helmet restricted)
rElec   .            (no cloak)
rCorr   .            (no gloves)
SInv    .            (no boots)
Will    .....        (no amulet)
Stlth   +            (no ring)
HPRegen 0.24/turn    (no ring)
MPRegen 0.09/turn

%: no passive effects
@: very heavily drained, invisible
A: foul stench 1, big brain 1, demonic magic 1, horns 1
a: Renounce Religion


You were on level 3 of the Dungeon.
You worshipped Xom.
You were a beloved toy of Xom.
You visited 1 branch of the dungeon, and saw 3 of its levels.

You collected 37 gold pieces.
You spent 10 gold pieces at shops.

Inventory:

Hand Weapons
 a - a +0 mace of chaos (weapon)
Armour
 b - a +2 leather armour (worn)
Scrolls
 e - 3 scrolls of teleportation {unknown}
 h - a scroll of identify {unknown}
 j - 2 scrolls of poison {unknown}
Potions
 d - a potion of might {unknown}
 f - a potion of invisibility
 g - a potion of haste {unknown}
 i - a potion of degeneration
Miscellaneous
 c - a piece from Xom's chessboard (15/15) (quivered)


   Skills:
 + Level 3.5 Fighting
 * Level 3.8 Maces & Flails
 + Level 2.1 Armour
 + Level 1.1 Dodging
 + Level 0.2 Stealth


You had 3 spell levels left.
You didn't know any spells.
Your spell library contained the following spells:

 Spells                   Type           Power      Damage    Failure   Level
 Sting                    Tmut/Pois      0%         1d3       34%         1
 Poisonous Vapours        Pois/Air       0%         N/A       47%         2
 Dazzling Flash           Conj/Hex       0%         N/A       71%         3
 Volatile Blastmotes      Fire/Tloc      0%         2d10      71%         3
 Iskenderun's Mystic Bla  Conj/Tloc      0%         2d3       98%         4
 Olgreb's Toxic Radiance  Pois           0%         N/A       98%         4
 Starburst                Conj/Fire      0%         6d3       100%        6


Dungeon Overview and Level Annotations

Branches:
Dungeon (3/15)

Altars:

Shops:
D:1 *?!(

Annotations:
D:3 Sigmund


Innate Abilities, Weirdness & Mutations

You may rarely emit foul miasma when damaged in melee.
You have an unusually large brain. (Int +2)
Spells you cast may paralyse adjacent enemies.
You have a pair of small horns on your head.


Message History

A kobold comes into view.
It is wielding a +0 dagger and quivering poisoned darts.
The kobold shouts!
Sigmund the Dreaded comes into view.
He is wielding a +3 scythe of freezing.
Sigmund shouts!
You hear a shout!
A rat comes into view.
Sigmund completely misses you.
You see here 18 gold pieces.
A ball python comes into view.
Sigmund gestures at you while chanting. You resist with some effort.
The ball python hisses angrily.
You sock Sigmund! You freeze Sigmund.
Sigmund is moderately wounded.
A goblin comes into view. It is wielding a +0 club.
Sigmund hits you with a +3 scythe of freezing!
Sigmund freezes you.
You hit Sigmund but do no damage. Lightning courses through Sigmund!
Sigmund is severely wounded.
The kobold hits you with a +0 dagger.
Sigmund hits you with a +3 scythe of freezing.
* * * LOW HITPOINT WARNING * * *
Sigmund freezes you.
* * * LOW HITPOINT WARNING * * *
The kobold hits you but does no damage. The kobold hits you but does no damage.
The goblin unwields a +0 club.
The goblin wields a +0 sling.
The goblin shoots a sling bullet.
The sling bullet barely misses you.
Really walk into that cloud of negative energy? [Y]es or [N]o only, please.
Really walk into that cloud of negative energy? [Y]es or [N]o only, please.
Really walk into that cloud of negative energy? [Y]es or [N]o only, please.
Really walk into that cloud of negative energy?
Okay, then.
It was a potion of invisibility.
You fade into invisibility!
Sigmund hits you from afar with a +3 scythe of freezing!
You die...
Xom thinks this is hilarious!

#. ... #.#...
#.#.. #.#.#
####.#.#####
#........".
#.##....#
#.##S☼K.#####
#.°.☼@☼^....#
#<###.#@###.# #.#
#.....
#>..............
#...#####.........
#... #..g......
#.. +......... #..
#......... #.


You could see Sigmund (unable to see you), a goblin (unable to see you), a ball
python (unable to see you) and a kobold (unable to see you).

Vanquished Creatures
  3 adders (D:2)
  2 dart slugs (D:2)
  2 endoplasms
  6 giant cockroaches
  6 goblins (D:1)
  3 hobgoblins
  2 kobolds (D:1)
  4 quokkas
  5 ball pythons (D:1)
  3 bats (D:1)
  4 frilled lizards
  3 rats
43 creatures vanquished.

Notes
Turn   | Place    | Note
-------+----------+-------------------------------------------
     0 | D:1      | cowhearter the Demonspawn Chaos Knight began the quest for
                  | the Orb.
     0 | D:1      | Reached XP level 1. HP: 18/18 MP: 1/1
     6 | D:1      | XOM: silly message
    22 | D:1      | XOM: divination: detect creatures
    34 | D:1      | XOM: silly message
    50 | D:1      | Found Siasuuz's Weapon Emporium.
    73 | D:1      | Found Fieff's Magic Scroll Boutique.
    84 | D:1      | Gained mutation: You have an unusually large brain. (Int
                  | +2) [demonic ancestry]
    84 | D:1      | Reached XP level 2. HP: 24/24 MP: 2/2
   179 | D:1      | XOM: noise
   205 | D:1      | Reached skill level 1 in Dodging
   250 | D:1      | Found Liteotu's Distillery.
   358 | D:1      | XOM: chaos upgrade
   682 | D:1      | Gained mutation: You may rarely emit foul miasma when
                  | damaged in melee. [demonic ancestry]
   682 | D:1      | Reached XP level 3. HP: 19/19 MP: 3/3
   716 | D:1      | Found Ties's General Store.
   727 | D:1      | Bought a potion of degeneration for 10 gold pieces
  1275 | D:2      | XOM: 5-stop teleportation journey
  1404 | D:2      | XOM: torment (11/20 hp)
  1594 | D:2      | XOM: draining
  1698 | D:2      | XOM: give mutation
  1698 | D:2      | Gained mutation: You have a pair of small horns on your
                  | head. [Xom's grace]
  1750 | D:2      | XOM: 4-stop teleportation journey
  1782 | D:2      | XOM: 5-stop teleportation journey
  1785 | D:2      | Gained mutation: Spells you cast may paralyse adjacent
                  | enemies. [demonic ancestry]
  1785 | D:2      | Reached XP level 4. HP: 13/24 MP: 4/4
  1874 | D:2      | XOM: stat loss: -1 Int (14/15)
  2245 | D:2      | XOM: cloud trail
  2329 | D:3      | Noticed Sigmund
  2333 | D:3      | HP: 1/24 [Sigmund/+3 scythe of freezing (3)]
  2335 | D:3      | Mangled by Sigmund

Illustrated notes

Levels and vault maps discovered:
D:1:      mainiacjoe_arrival_reflecting_pool, layout_rooms, serial_shops,
          nicolae_diamond_shop, shop, nicolae_shop_real_fake_doors, shop,
          minmay_misc_feat_alley, dk_noncrumbling_2
D:2:      layout_basic
D:3:      layout_basic, grunt_temple_overflow_diamond, uniq_sigmund, uniq_robin,
          uniq_jessica

Skill      XL: |  1  2  3 |
---------------+----------+-----
Maces & Flails | 3 |  3.8
Dodging        | 1 |  1.1
Armour         | 2 |  2.1
Fighting       | |  3.5
Stealth        | |  0.2

Action                     |  1- 3 |  4- 6 || total
---------------------------+-------+-------++-------
  Melee: Mace              |   105 |    16 ||   121
         Headbutt          |     1 |     3 ||     4
         Punch             |       |     2 ||     2
    Use: Potion            |       |     1 ||     1
 Armour: Leather armour    |    53 |     6 ||    59
  Dodge: Dodged            |    64 |     9 ||    73

Table legend: (Time is in decaauts)
 A = Elapsed time spent in this place.
 B = Non-inter-level travel time spent in this place.
 C = Inter-level travel time spent in this place.
 D = Time resting spent in this place.
 E = Time spent auto-exploring this place.
 F = Levels seen in this place.
 G = Mean time per level.
                   A        B        C        D        E       F      G
               +--------+--------+--------+--------+--------+-----+--------+
         Total |   2363 |   2263 |    100 |    797 |   1059 |   3 |  787.7 |
       Dungeon |   2363 |   2263 |    100 |    797 |   1059 |   3 |  787.7 |
               +--------+--------+--------+--------+--------+-----+--------+

Top non-repeatable levels by time:
     D:2: 1254 daAuts
     D:1: 1075 daAuts
     D:3: 33 daAuts
